 Dungeon Crawl Stone Soup version 0.25-a0-591-g2ad0d86 (webtiles) character file.

Game seed: 12888387627158736494, levelgen mode: deterministic

240 Faels the Sneak (level 5, -1/25 HPs)
             Began as a Spriggan Venom Mage on Mar 13, 2020.
             Slain by a gnoll
             ... wielding a +0 spear
              (8 damage)
             ... on level 3 of the Dungeon.
             The game lasted 00:11:41 (3039 turns).

Faels the Sneak (Spriggan Venom Mage)               Turns: 3039, Time: 00:11:41

Health: -1/25      AC:  2    Str:  4    XL:     5   Next: 80%
Magic:  5/10       EV: 10    Int: 18    God:
Gold:   145        SH:  0    Dex: 16    Spells: 3/9 levels left

rFire    . . .     SeeInvis +   b - +1 dagger (vamp)
rCold    . . .     Gourm    .   (shield restricted)
rNeg     + . .     Faith    .   l - +0 robe
rPois    .         Spirit   .   (helmet restricted)
rElec    .         Reflect  .   (no cloak)
rCorr    .         Harm     .   (gloves unavailable)
MR       .....                  (boots unavailable)
Stlth    +++.......             (no amulet)
HPRegen  0.08/turn              o - +3 ring of slaying
MPRegen  0.12/turn              q - ring of positive energy

@: held, very quick
A: very small, unfitting armour, see invisible, herbivore, speed 3, slow
metabolism 2
a: no special abilities


You were on level 3 of the Dungeon.
You were not hungry.

You visited 1 branch of the dungeon, and saw 3 of its levels.
You also visited: Sewer.

You collected 145 gold pieces.

Inventory:

Hand Weapons
 b - a +1 vampiric dagger (weapon)
 m - a +0 hunting sling
Missiles
 e - 6 boomerangs (quivered)
 f - a throwing net
Armour
 a - a +0 robe
 l - a +0 robe (worn)
Jewellery
 o - a +3 ring of slaying (left hand)
 q - a ring of positive energy (right hand)
 r - an uncursed amulet of guardian spirit
Scrolls
 d - 2 scrolls of remove curse
 h - a scroll of identify
 i - a scroll of random uselessness {unknown}
 p - a scroll of fear {unknown}
Potions
 g - a potion of curing
 j - a potion of heal wounds
 k - 2 potions of flight
 n - a potion of mutation {unknown}
 s - a potion of berserk rage {unknown}
Comestibles
 c - 2 rations


   Skills:
 - Level 0.7 Fighting
 - Level 1.0 Short Blades
 - Level 3.5 Dodging
 - Level 3.5 Stealth
 - Level 2.6 Spellcasting
 - Level 2.8 Transmutations
 + Level 2.3 Fire Magic
 + Level 2.5 Air Magic
 - Level 3.5 Poison Magic


You had 3 spell levels left.
You knew the following spells:

 Your Spells              Type           Power        Failure   Level  Hunger
a - Sting                 Tmut/Pois      ##..         4%          1    #......
b - Poisonous Vapours     Pois/Air       ##....       8%          2    ##.....
c - Ignite Poison         Fire/Tmut/Pois ##......     16%         3    ###....

Your spell library contained the following spells:

 Spells                   Type           Power        Failure   Level  Hunger
 Mephitic Cloud           Conj/Pois/Air  #.......     22%         3    ###....
 Olgreb's Toxic Radiance  Pois           ###.....     36%         4    #####..


Dungeon Overview and Level Annotations

Branches:
Dungeon (3/15)              Sewer (visited)

Altars:
Kikubaaqudgha


Innate Abilities, Weirdness & Mutations

You are very small and have problems with some larger weapons.
You are too small for most types of armour.
You have supernaturally acute eyesight. (SInv)
You are a herbivore.
You cover ground extremely quickly.
You need to consume almost no food.


Message History

Aiming: Sting (safe; 4% risk of failure)
Press: ? - help, Shift-Dir - straight line, f - gnoll
Aim: a gnoll, wielding a +0 spear The sting hits the gnoll.
The gnoll is poisoned.
The gnoll is lightly wounded.
Casting: Sting (safe; 4% risk of failure)
Confirm with . or Enter, or press ? or * to list all spells.
Aiming: Sting (safe; 4% risk of failure)
Press: ? - help, Shift-Dir - straight line, f/p - gnoll
Aim: a gnoll, wielding a +0 spear (lightly wounded, poisoned)
The sting misses the gnoll.
The gnoll closely misses you.
Casting: Sting (safe; 4% risk of failure)
Confirm with . or Enter, or press ? or * to list all spells.
Aiming: Sting (safe; 4% risk of failure)
Press: ? - help, Shift-Dir - straight line, f/p - gnoll
Aim: a gnoll, wielding a +0 spear (moderately wounded, poisoned)
The sting hits the gnoll.
The gnoll looks even sicker.
The gnoll is heavily wounded.
The gnoll hits you from afar with a +0 spear!
You die...

######## .<.....#
######.# ** #.# .#
*#.## .# *#.#.##
,###.###.## ,,..#* ##)#
######### *###.###.##
#.@.....# *#.#..#
#.#####.# *#.#.## #g#
*,* #....# #.# *,*
########..# ###.#####.#
#...####..###.........#
#...............#######
#.######รท..##.### ..#
#...##.#


You could see a gnoll.

Vanquished Creatures
  A crocodile (Sewer)
  A hound (D:2)
  3 adders
  3 oozes
  2 worms
  2 dart slugs (D:1)
  6 leopard geckos
  An orc (D:3)
  A ball python (D:3)
  17 bats
  5 giant cockroaches
  10 goblins
  7 hobgoblins
  5 frilled lizards
  5 kobolds
  9 rats
78 creatures vanquished.

Notes
Turn   | Place    | Note
-------+----------+-------------------------------------------
     0 | D:1      | Faels the Spriggan Venom Mage began the quest for the Orb.
     0 | D:1      | Reached XP level 1. HP: 9/9 MP: 5/5
   162 | D:1      | Reached XP level 2. HP: 10/14 MP: 1/6
   339 | D:1      | Reached skill level 1 in Short Blades
   756 | D:1      | Reached XP level 3. HP: 17/17 MP: 5/8
   890 | D:1      | Learned a level 2 spell: Poisonous Vapours
   894 | D:1      | Learned a level 3 spell: Ignite Poison
  1429 | D:2      | Reached XP level 4. HP: 21/21 MP: 4/9
  2169 | D:2      | Reached skill level 1 in Fire Magic
  2169 | D:2      | Reached skill level 1 in Air Magic
  2197 | D:2      | Found an ancient bone altar of Kikubaaqudgha.
  2455 | D:3      | Reached XP level 5. HP: 20/25 MP: 10/10
  2529 | D:3      | Found a glowing drain.
  2559 | Sewer    | Entered a sewer
  2614 | Sewer    | Noticed a crocodile
  2619 | Sewer    | Killed a crocodile
  3039 | D:3      | Slain by a gnoll

Levels and vault maps discovered:
D:1:      giann_bridges, layout_rooms, grunt_decor_cap, solitary_fountain,
          ebering_dispersal_statue_hall, minmay_tall_x
D:2:      layout_basic, old_standard_altar, uniq_crazy_yiuf_cottage
D:3:      layout_loops_ring, first_ration, gup_sewer_entry_pipe

Skill      XL: |  1  2  3  4  5 |
---------------+----------------+-----
Short Blades   | 1 |  1.0
Transmutations | 2 |  2.8
Fire Magic     | 1 2 |  2.3
Air Magic      | 1 2 |  2.5
Fighting       | |  0.7
Dodging        | |  3.5
Stealth        | |  3.5
Spellcasting   | |  2.6
Poison Magic   | |  3.5

Action                   |  1- 3 |  4- 6 || total
-------------------------+-------+-------++-------
Melee: Dagger            |   126 |   169 ||   295
 Cast: Sting             |    20 |    24 ||    44
       Poisonous Vapours |       |    11 ||    11
       Ignite Poison     |       |     2 ||     2
  Use: Scroll            |       |     7 ||     7
 Stab: Sleeping          |     2 |     5 ||     7
  Eat: Ration            |       |     1 ||     1
Armor: Robe              |    15 |    22 ||    37
Dodge: Dodged            |   147 |   165 ||   312

Table legend:
 A = Non-vault XP
 B = Vault XP
 C = Vault XP percentage of total XP
 D = Non-vault monster count
 E = Vault monster count
 F = Vault count percentage of total count
                 A         B        C        D         E       F
            +---------+---------+-------+---------+---------+-------
      Total |     204 |     140 |  40.7 |      62 |      16 |  20.5
            +---------+---------+-------+---------+---------+-------
        D:1 |      59 |       8 |  11.9 |      29 |       4 |  12.1
        D:2 |      91 |       0 |   0.0 |      18 |       0 |   0.0
        D:3 |      54 |      15 |  21.7 |      15 |       6 |  28.6
      Sewer |       0 |     117 | 100.0 |       0 |       6 | 100.0
            +---------+---------+-------+---------+---------+-------
